 Dungeon Crawl Stone Soup version 0.21-a0-400-g417d9d2 (webtiles) character file.

49 Atlas the Insei (level 3, 0/28 HPs)
             Began as a Draconian Transmuter on Oct 20, 2017.
             Succumbed to an adder's poison
             ... on level 2 of the Dungeon.
             The game lasted 00:01:43 (1575 turns).

Atlas the Insei (Draconian Transmuter)              Turns: 1575, Time: 00:01:43

Health: 0/28       AC:  5    Str: 10 (12) XL:     3   Next: 53%
Magic:  10/15      EV: 12    Int: 17 (18) God:
Gold:   45         SH:  0    Dex:  9 (12) Spells: 5/6 levels left

rFire    . . .     SeeInvis .     - Unarmed
rCold    . . .     Gourm    .   (no shield)
rNeg     . . .     Faith    .   (armour unavailable)
rPois    .         Spirit   +   (helmet restricted)
rElec    .         Reflect  .   (no cloak)
rCorr    .         Harm     .   (no gloves)
MR       .....                  (no boots)
Stlth    +.........             g - amulet of guardian spirit
HPRegen  0.09/turn              m - ring of magical power
MPRegen  0.14/turn              (no ring)

@: brilliant, lethally poisoned (0 -> -3)
A: unfitting armour, cold-blooded, AC +5
a: no special abilities


You were on level 2 of the Dungeon.
You were hungry.

You visited 1 branch of the dungeon, and saw 2 of its levels.

You collected 45 gold pieces.

Inventory:

Missiles
 a - 37 arrows
Jewellery
 g - an amulet of guardian spirit (around neck)
 m - a ring of magical power (left hand)
Scrolls
 d - 2 scrolls of immolation {unknown}
 i - a scroll of blinking {unknown}
 j - 5 scrolls of identify {unknown}
 k - 2 scrolls of teleportation {unknown}
 n - a scroll of fog {unknown}
 o - a scroll of enchant armour {unknown}
Books
 b - a book of Changes

   Spells                             Type                      Level
   a - Beastly Appendage              Transmutation                1
   b - Sticks to Snakes               Transmutation                2
   c - Spider Form                    Transmutation/Poison         3
   d - Ice Form                       Ice/Transmutation            4
   e - Blade Hands                    Transmutation                5
Comestibles
 c - 2 bread rations
 h - a chunk of flesh
 l - 3 fruits


   Skills:
 + Level 1.1 Fighting
 + Level 2.1 Dodging
 + Level 3.9 Unarmed Combat
 - Level 2.0 Spellcasting
 + Level 2.8 Transmutations


You had 5 spell levels left.
You knew the following spells:

 Your Spells              Type           Power        Failure   Level  Hunger
a - Beastly Appendage     Tmut           ###...       1%          1    #......


Dungeon Overview and Level Annotations

Branches:
Dungeon (2/15)

Altars:
Qazlal


Innate Abilities, Weirdness & Mutations

Your plain brown scales are hard. (AC +5)
You cannot fit into any form of body armour.
You are cold-blooded and may be slowed by cold attacks.


Message History

You feel sick.
* * * LOW HITPOINT WARNING * * *
You feel sick.
* * * LOW HITPOINT WARNING * * *
You feel sick.
* * * LOW HITPOINT WARNING * * *
You feel sick.
The hound barks!
An adder comes into view.
* * * LOW HITPOINT WARNING * * *
You feel sick.
The adder hisses angrily.
As you open the door, it creaks loudly!
* * * LOW HITPOINT WARNING * * *
You feel sick. The hound barely misses you. The hound bites you.
* * * LOW HITPOINT WARNING * * *
There is an open door here.
The hound bites you.
Found a ring mail.
You die...

.# ..# ..#
..#
#########..#
..[....@..#
######....#
#.h..#
##'###
######S##
#.......#
#.......##
#........#
#......#.#


You could see a hound and an adder.

Vanquished Creatures
  An adder (D:2)
  A leopard gecko (D:2)
  An orc (D:2)
  4 goblins (D:1)
  8 hobgoblins
  4 jackals (D:2)
  A quokka (D:2)
  3 bats
  6 frilled lizards (D:1)
  5 kobolds (D:1)
  4 rats
38 creatures vanquished.

Notes
Turn   | Place    | Note
-------+----------+-------------------------------------------
     0 | D:1      | Atlas the Draconian Transmuter began the quest for the Orb.
     0 | D:1      | Reached XP level 1. HP: 16/16 MP: 3/3
   556 | D:1      | Reached XP level 2. HP: 21/23 MP: 3/5
  1271 | D:2      | Reached XP level 3. HP: 27/28 MP: 6/6
  1285 | D:2      | Found a stormy altar of Qazlal.
  1571 | D:2      | HP: 1/28 [hound (1)]
  1575 | D:2      | Succumbed to an adder's poison

Vault maps used:
D:1:      sevenhm_arrival_forest_fort_large_2
D:2:      kennysheep_the_goblin_king, yredelemnul_altar_generic,
          nicolae_qazlal_eye_of_the_storm, uniq_natasha

Skill      XL: |  1  2  3 |
---------------+----------+-----
Dodging        | 2 |  2.1
Fighting       | |  1.1
Unarmed Combat | |  3.9
Spellcasting   | |  2.0
Transmutations | |  2.8

Action                   || total
-------------------------++-------
Melee: Unarmed           ||   137
       Kick              ||     7
       Tailslap          ||     7
       Punch             ||     3
       Headbutt          ||     2
 Cast: Beastly Appendage ||    15
  Use: Potion            ||     2
  Eat: Chunk             ||     2
Armor: Skin              ||    36
Dodge: Dodged            ||    95

Table legend:
 A = Spawn XP
 B = Non-spawn XP
 C = Spawn XP percentage of total XP
 D = Spawn monster count
 E = Non-spawn monster count
 F = Spawn count percentage of total count
 G = Total turns spent on level
                    A         B        C        D         E        F      G
               +---------+---------+-------+---------+---------+-------+---------
         Total |       0 |      71 |   0.0 |       0 |      38 |   0.0 |  1575
               +---------+---------+-------+---------+---------+-------+---------
           D:1 |       0 |      38 |   0.0 |       0 |      27 |   0.0 |  1225
           D:2 |       0 |      33 |   0.0 |       0 |      11 |   0.0 |   350
               +---------+---------+-------+---------+---------+-------+---------
